 Dungeon Crawl Stone Soup version 0.20.1-1-g8b1a95d66d (webtiles) character file.

1807 Gargoyl the Chopper (level 8, -3/105 HPs)
             Began as a Centaur Abyssal Knight on Dec 14, 2017.
             Was a Priest of Lugonu.
             Slain by an ogre
             ... wielding a +0 giant club
              (7 damage)
             ... on level 8 of the Dungeon.
             The game lasted 00:11:57 (8807 turns).

Gargoyl the Chopper (Centaur Abyssal Knight)        Turns: 8807, Time: 00:11:58

Health: -3/105     AC: 24    Str: 14    XL:     8   Next: 84%
Magic:  11/11      EV:  1    Int: 11    God:    Lugonu [***...]
Gold:   259        SH:  0    Dex: 14    Spells: 7/7 levels left

rFire    + . .     SeeInvis .   a - +1 hand axe
rCold    . . .     Gourm    .   (no shield)
rNeg     + + +     Faith    .   (armour currently unavailable)
rPois    +         Spirit   .   (helmet currently unavailable)
rElec    .         Reflect  .   (cloak currently unavailable)
rCorr    .         Harm     .   (gloves currently unavailable)
MR       .....     NoTele   +   (no barding)
Stlth    ++........             (no amulet)
Regen    0.3/turn               d - ring of protection from fire
MPRegen  0.2/turn               (no ring)

@: tree-form, drained
A: rugged brown scales 1, thin skeletal structure 1
a: Depart the Abyss, Bend Space, Banish, Renounce Religion


You were on level 8 of the Dungeon.
You worshipped Lugonu.
Lugonu was most pleased with you.
You were very hungry.
You were a tree.
You visited 1 branch of the dungeon, and saw 8 of its levels.
You visited the Abyss 1 time.

You collected 259 gold pieces.

Inventory:

Hand Weapons
 a - a +1 hand axe (weapon)
Missiles
 l - 8 javelins (quivered)
Armour
 k - a +1 chain mail (melded)
 p - a +0 pair of gloves (melded)
 q - a +0 helmet (melded)
 y - a +2 cloak (melded)
Jewellery
 d - a ring of protection from fire (left branch)
Wands
 x - a wand of polymorph (13/24)
Scrolls
 f - a scroll of teleportation
 o - 7 scrolls of identify
 r - a scroll of enchant armour
 u - a scroll of remove curse
Potions
 j - a potion of lignification
 m - a potion of flight
 s - a potion of brilliance
Comestibles
 b - 3 meat rations
 c - 4 bread rations
 v - 5 fruits
 w - 2 royal jellies


   Skills:
 + Level 5.2(4.8) Fighting
 + Level 5.9(5.6) Axes
 + Level 0.4(0.2) Throwing
 * Level 5.6(5.3) Armour
 + Level 1.3(1.1) Dodging
 * Level 5.0(4.7) Invocations


You had 7 spell levels left.
You didn't know any spells.

Dungeon Overview and Level Annotations

Branches:
Dungeon (8/15)             Temple (0/1) D:4            Lair (0/6) D:8

Altars:
Fedhas
Xom
Zin
The Shining One


Innate Abilities, Weirdness & Mutations

((You have hooves in place of feet.))
((Armour fits poorly on your strangely shaped body.))
((You cover ground very quickly.))
((You have extremely tough skin. (AC +3)))
(You are partially covered in rugged brown scales. (AC +1, +3% HP))
You have a somewhat thin skeletal structure. (Dex +2, Stealth)


Message History

You barely miss the hound.
The hound is almost dead.
You hit the jackal. The hound bites you but does no damage.
The jackal bites you but does no damage.
The hound bites you but does no damage.
Unknown command.
You closely miss the hound.
The hound is almost dead.
You hit the jackal.
You kill the jackal!
Lugonu accepts your kill.
You closely miss the phantom. The hound bites you but does no damage.
The phantom hits you but does no damage.
You hit the ogre.
The ogre is lightly wounded.
You closely miss the hound. You barely miss the phantom.
The hound bites you but does no damage. x2
The phantom hits you but does no damage.
The ogre hits you with a giant club!
You die...

##########
#♣W......#
#hO......#
#h.......#
#........#
#......(..#
######....#
...(# ....#
....#


You could see a phantom, an ogre, a hound and a jackal.

Vanquished Creatures
  Eustachio (D:6)
  Menkaure (D:6)
  Edmund (D:5)
  Duvessa (D:5)
  A sky beast (D:5)
  2 black bears
  An ogre (D:4)
  A bullfrog (D:6)
  Dowan (D:5)
  3 wights (D:8)
  A crimson imp (D:4)
  A centaur skeleton (D:8)
  A hound (D:8)
  2 jellies (D:5)
  Crazy Yiuf (D:2)
  An orc priest (D:6)
  Jessica (D:2)
  3 iguanas
  Natasha (thrice) (D:2)
  5 worker ants (D:4)
  A hound skeleton (D:6)
  Robin (D:3)
  5 gnolls
  3 adders
  A shadow imp (D:4)
  2 oozes
  2 worms
  3 dart slugs
  A leopard gecko (D:2)
  9 orcs
  3 bats
  6 giant cockroaches
  6 hobgoblins
  2 jackals (D:8)
  5 kobolds
  3 quokkas (D:4)
  7 frilled lizards
  13 goblins
  A goblin skeleton (D:4)
  2 goblin zombies (D:4)
  3 hobgoblin zombies (D:4)
  2 kobold skeletons (D:4)
  An orc skeleton (D:4)
  An orc zombie (D:4)
  6 rats
  3 fungi (D:3)
124 creatures vanquished.

Notes
Turn   | Place    | Note
-------+----------+-------------------------------------------
     0 | Abyss:1  | Gargoyl the Centaur Abyssal Knight began the quest for the Orb.
     0 | Abyss:1  | Reached XP level 1. HP: 19/19 MP: 2/2
    91 | Abyss:1  | Noticed a large abomination
   124 | Abyss:1  | Noticed an ancient zyme
   163 | Abyss:1  | Noticed a worldbinder
   511 | Abyss:2  | Noticed a deep elf elementalist
   512 | D:1      | Escaped the Abyss
   847 | D:1      | Reached XP level 2. HP: 24/26 MP: 3/3
  1507 | D:2      | Found a runed door.
  1549 | D:2      | Noticed Natasha
  1555 | D:2      | Killed Natasha
  1555 | D:2      | Reached XP level 3. HP: 21/33 MP: 4/4
  1746 | D:2      | Reached * piety under Lugonu
  1746 | D:2      | Reached XP level 4. HP: 28/40 MP: 5/5
  2211 | D:2      | Noticed Jessica
  2211 | D:2      | Noticed Natasha
  2218 | D:2      | Killed Natasha
  2228 | D:2      | Killed Jessica
  2228 | D:2      | Reached XP level 5. HP: 39/46 MP: 6/6
  2603 | D:2      | Noticed Natasha
  2617 | D:2      | Killed Natasha
  2819 | D:2      | Noticed Crazy Yiuf
  2823 | D:2      | Killed Crazy Yiuf
  2913 | D:3      | Found a blossoming altar of Fedhas.
  3183 | D:3      | Noticed Robin
  3197 | D:3      | Killed Robin
  3200 | D:3      | Reached ** piety under Lugonu
  3735 | D:3      | Reached XP level 6. HP: 49/52 MP: 8/8
  3975 | D:4      | Found a shimmering altar of Xom.
  4335 | D:4      | Found a glowing golden altar of the Shining One.
  4882 | D:4      | Reached XP level 7. HP: 41/59 MP: 9/9
  5088 | D:4      | Found a glowing silver altar of Zin.
  5524 | D:4      | Found a staircase to the Ecumenical Temple.
  5932 | D:5      | Entered Level 5 of the Dungeon
  6087 | D:5      | Reached skill level 5 in Axes
  6413 | D:5      | Noticed Duvessa
  6413 | D:5      | Noticed Dowan
  6433 | D:5      | Killed Duvessa
  6444 | D:5      | Killed Dowan
  6444 | D:5      | Reached XP level 8. HP: 20/67 MP: 9/11
  6786 | D:5      | Noticed Edmund
  6819 | D:5      | Killed Edmund
  7496 | D:6      | Noticed Eustachio
  7502 | D:6      | Reached skill level 5 in Armour
  7559 | D:6      | Killed Eustachio
  7559 | D:6      | Reached skill level 1 in Dodging
  7926 | D:6      | Noticed Menkaure
  7935 | D:6      | Killed Menkaure
  8136 | D:6      | Reached skill level 5 in Fighting
  8234 | D:7      | Gained mutation: You do not regenerate when monsters are visible. [potion of mutation]
  8234 | D:7      | Gained mutation: You passively map a small area around you. [potion of mutation]
  8263 | D:7      | Lost mutation: You passively map a small area around you. [potion of mutation]
  8263 | D:7      | Lost mutation: You do not regenerate when monsters are visible. [potion of mutation]
  8263 | D:7      | Gained mutation: You have a somewhat thin skeletal structure. (Dex +2, Stealth) [potion of mutation]
  8263 | D:7      | Gained mutation: You are partially covered in rugged brown scales. (AC +1, +3% HP) [potion of mutation]
  8507 | D:8      | Found a staircase to the Lair.
  8541 | D:8      | Reached *** piety under Lugonu
  8753 | D:8      | Noticed a kobold demonologist
  8760 | D:8      | Noticed a two-headed ogre
  8761 | D:8      | Noticed a sun demon
  8765 | D:8      | HP: 3/70 [sun demon[a kobold demonologist] (7)]
  8799 | D:8      | HP: 5/105 [hound (2)]
  8801 | D:8      | HP: 2/105 [hound (1)]
  8803 | D:8      | Reached skill level 5 in Invocations
  8807 | D:8      | Slain by an ogre

Skill      XL: |  1  2  3  4  5  6  7  8 |
---------------+-------------------------+-----
Axes           | 2 3 4 5 |  5.9
Fighting       | 4 5 |  5.2
Armour         | 2 3 4 5 |  5.6
Invocations    | 3 4 5 |  5.0
Dodging        | 1 |  1.3
Throwing       | |  0.4

Action                   |  1- 3 |  4- 6 |  7- 9 || total
-------------------------+-------+-------+-------++-------
Melee: Hand axe          |    52 |   222 |   302 ||   576
       Kick              |     8 |    57 |    69 ||   134
Throw: Javelin           |       |       |     4 ||     4
Invok: Depart the Abyss  |     1 |       |       ||     1
  Use: Scroll            |     5 |     3 |     2 ||    10
       Potion            |     1 |       |    12 ||    13
  Eat: Chunk             |     1 |     9 |     6 ||    16
       Bread ration      |       |       |     1 ||     1
Armor: Ring mail         |     4 |       |       ||     4
       Leather armour    |     1 |       |       ||     1
       Chain mail        |    19 |   185 |   229 ||   433
       Skin              |       |       |    49 ||    49
Dodge: Dodged            |    11 |    51 |    84 ||   146
